 Dungeon Crawl Stone Soup version bcrawl-1.36.4 (webtiles) character file.

Game seed: 14876536667129529019

481951 jojo4K the Protected (level 12, -1/90 HPs)
             Began as a Minotaur Berserker on Aug 16, 2022.
             Was a High Priest of Trog.
             Slain by an orc warrior
             ... wielding a +0 mace
              (14 damage)
             ... in the Orcish Mines.
             The game lasted 00:34:20 (11524 turns).

jojo4K the Protected (Minotaur Berserker)          Turns: 11524, Time: 00:34:21

Health: -1/90      AC: 21    Str: 26    XL:     12   Next: 64%
Magic:  11/11      EV:  9    Int:  4    God:    Trog [*****.]
Gold:   1040       SH: 13    Dex: 11    Spells: 11/11 levels left

rFire    . . .     SeeInvis .   V - +3 demon trident (drain)
rCold    . . .     Gourm    +   M - +0 medium shield
rNeg     + . .     Faith    .   v - +0 plate armour
rPois    .         Spirit   .   (helmet restricted)
rElec    .         Reflect  .   C - +0 cloak
rCorr    +                      S - +0 pair of gloves
MR       .....                  a - +0 pair of boots
Stlth    ..........             A - amulet of the gourmand
HPRegen  0.25/turn              L - ring of positive energy
MPRegen  0.12/turn              D - ring of resist corrosion

@: berserk cooldown, slowed, very slow
A: retaliatory headbutt, horns 2
a: Berserk, Trog's Hand, Brothers in Arms, Renounce Religion


You were in the Orcish Mines.
You worshipped Trog.
Trog was extremely pleased with you.
You were full.

You visited 2 branches of the dungeon, and saw 12 of its levels.

You collected 1040 gold pieces.

Inventory:

Hand Weapons
 o - a +7 falchion of electrocution
 V - a +3 demon trident of draining (weapon)
Missiles
 N - 2 throwing nets {=f}
Armour
 a - a +0 pair of boots (worn)
 v - a +0 plate armour (worn)
 C - a +0 cloak (worn)
 M - a +0 medium shield (worn)
 S - a +0 pair of gloves (worn)
Jewellery
 b - an uncursed ring of poison resistance {unknown}
 h - an uncursed ring of protection from fire
 A - an amulet of the gourmand (around neck)
 D - a ring of resist corrosion (right hand)
 L - a ring of positive energy (left hand)
Wands
 n - a wand of acid (6)
 w - a wand of polymorph (4)
 G - a wand of digging (10)
 H - a wand of flame (38)
 I - a wand of iceblast (14)
 P - a wand of random effects (13)
Scrolls
 c - 5 scrolls of magic mapping {unknown}
 d - 3 scrolls of immolation {unknown}
 i - 10 scrolls of identify
 p - 3 scrolls of teleportation {unknown}
 s - 2 scrolls of enchant weapon {unknown}
 t - 5 scrolls of remove curse {unknown}
 x - 2 scrolls of blinking {unknown}
 R - a scroll of enchant armour {unknown}
 T - 2 scrolls of amnesia {unknown}
Potions
 f - 3 potions of magic {unknown}
 g - 8 potions of curing {unknown}
 j - 5 potions of mutation {unknown}
 k - 2 potions of haste {unknown}
 l - a potion of resistance {unknown}
 m - 2 potions of might {unknown}
 q - 4 potions of degeneration {unknown}
 r - 2 potions of flight {unknown}
 u - 3 potions of brilliance {unknown}
 z - a potion of lignification {unknown}
 E - a potion of ambrosia {unknown}
 J - 2 potions of heal wounds {unknown}
 Q - a potion of berserk rage {unknown}
Miscellaneous
 U - a phial of floods
Comestibles
 e - 13 rations {!d}
 B - 3 chunks of flesh


   Skills:
 - Level 3.6 Fighting
   Level 12.2(13.0) Axes
 * Level 7.6(10.9) Polearms
 + Level 13.7 Armour
 - Level 9.9 Dodging
 + Level 12.0 Shields


You had 11 spell levels left.
You didn't know any spells.
Your spell library was empty.

Dungeon Overview and Level Annotations

Branches:
Dungeon (11/12)            Temple (0/1) D:5            Lair (0/6) D:9
    Orc (1/1) D:11
    Elf: Orc:1       Vaults: D:11-12

Altars:
Cheibriados
Elyvilon
Fedhas
Gozag
Kikubaaqudgha
Lugonu
Makhleb
Ru
Uskayaw
Yredelemnul
The Shining One
Beogh

Shops:
D:9 (=*


Innate Abilities, Weirdness & Mutations

You reflexively headbutt those who attack you in melee.
You have a pair of horns on your head.


Message History

You kill the orc!
Trog accepts your kill.
Attack whom?
Press: ? - help, Dir - move target cursor, f - orc warrior
Aim: an orc warrior, wielding a +0 great mace and quivering 136 bolts (unusually strong)
You reach to attack!
You puncture the orc warrior! You drain the orc warrior.
The orc warrior is heavily wounded.
Attack whom?
Press: ? - help, Dir - move target cursor, f - orc warrior
Aim: an orc warrior, wielding a +0 mace and wearing a +0 chain mail (unusually strong)
You reach to attack!
You closely miss the orc warrior.
The orc shoots a bolt.
You block the bolt.
Attack whom?
Press: ? - help, Dir - move target cursor, f/p - orc warrior
Aim: an orc warrior, wielding a +0 mace and wearing a +0 chain mail (unusually strong)
You reach to attack!
Your plate armour prevents you from hitting the orc warrior.
The orc warrior barely misses you.
The orc warrior hits you with a +0 mace!
You die...

............ ..oo.......
##≈≈≈≈.....# .
###≈≈≈≈......#..
##≈≈≈≈.o........
#≈≈≈......o...#
#≈≈...))ooo..##.
##...##))##..##...
........)o@........
..................#
..........#..#...###
#................#.##
#...................###
......................##
...................)††.#
....##.............)#.##
...###.#.............##


You could see 3 orc warriors.

Vanquished Creatures
  Harold (D:8)
  4 two-headed ogres
  An orc high priest (Orc)
  A wolf spider zombie (D:10)
  A cyclops (Orc)
  3 ugly things
  3 orc knights (Orc)
  Joseph (D:8)
  A kobold demonologist (D:10)
  The ghost of Helmut the Magician, a novice AvSk (D:5)
  A tengu conjurer (D:7)
  2 trolls
  Maurice (D:8)
  A meliai zombie (D:10)
  2 hippogriffs
  Grum (D:8)
  A yak (shapeshifter) (D:9)
  A spriggan (D:7)
  A wyvern (D:10)
  17 yaks
  4 fire bats (D:8)
  A steam dragon (D:10)
  4 vampire mosquitoes (D:11)
  2 hungry ghosts
  3 wargs (Orc)
  A two-headed ogre zombie (D:11)
  A crocodile (D:10)
  Duvessa (D:7)
  A hell hound (D:8)
  3 porcupines (D:9)
  2 water moccasins
  10 orc warriors
  A hornet zombie (D:10)
  2 sky beasts
  2 black bears
  8 ogres
  5 phantoms
  3 wolves (D:8)
  A kobold brigand (D:8)
  11 bullfrogs
  2 water moccasin zombies
  A gnoll sergeant (D:5)
  7 centaurs
  2 scorpions
  A wyvern skeleton (D:10)
  Dowan (D:7)
  2 troll zombies (D:11)
  8 killer bees
  8 wights
  5 crimson imps
  8 howler monkeys
  A lava snake (D:8)
  8 orc priests
  2 bullfrog zombies
  A quasit (D:9)
  3 hounds
  A jelly (D:9)
  14 orc wizards
  A bullfrog skeleton (D:4)
  4 iguanas
  Ijyb (D:4)
  11 worker ants
  5 ogre zombies (D:11)
  A hound zombie (D:4)
  2 hound skeletons
  3 worker ant zombies
  2 howler monkey zombies
  3 gnolls (D:10)
  A howler monkey skeleton (D:7)
  10 adders
  A shadow imp (D:9)
  3 adder zombies
  2 worms
  2 dart slugs (D:2)
  5 leopard geckos
  28 orcs
  A ball python (D:1)
  5 giant cockroaches
  5 goblins
  7 hobgoblins
  4 jackals
  15 kobolds
  7 quokkas
  6 bats
  5 frilled lizards
  6 goblin zombies (D:11)
  3 hobgoblin skeletons (D:11)
  3 hobgoblin zombies (D:11)
  2 orc skeletons (D:11)
  11 orc zombies (D:11)
  7 rats
  12 fungi (D:9)
  5 plants (D:9)
375 creatures vanquished.

Vanquished Creatures (others)
  8 fungi (D:9)
  8 plants (D:9)
16 creatures vanquished.

Grand Total: 391 creatures vanquished

Notes
Turn   | Place    | Note
-------+----------+-------------------------------------------
     0 | D:1      | jojo4K the Minotaur Berserker began the quest for the Orb.
     0 | D:1      | Reached XP level 1. HP: 19/19 MP: 0/0
    39 | D:1      | Reached XP level 2. HP: 12/26 MP: 1/1
   414 | D:1      | Reached skill level 5 in Axes
   422 | D:1      | Reached XP level 3. HP: 17/31 MP: 2/2
   633 | D:1      | Reached ** piety under Trog
  1818 | D:3      | Reached XP level 4. HP: 36/39 MP: 3/3
  1890 | D:3      | Found a transporter.
  1890 | D:3      | Found a transporter.
  1899 | D:3      | Noticed a hippogriff
  1908 | D:3      | Noticed an ogre
  1908 | D:3      | Noticed a phantom
  1910 | D:3      | Found a blossoming altar of Fedhas.
  2199 | D:3      | Found a faded altar of an unknown god.
  2316 | D:3      | Reached XP level 5. HP: 9/45 MP: 4/4
  2829 | D:4      | Noticed Ijyb
  2839 | D:4      | Killed Ijyb
  2876 | D:4      | Found a snail-covered altar of Cheibriados.
  2992 | D:4      | Noticed an ogre
  2995 | D:4      | Killed an ogre
  2996 | D:4      | Reached skill level 3 in Armour
  2996 | D:4      | Reached XP level 6. HP: 51/51 MP: 5/5
  3145 | D:4      | Reached skill level 4 in Armour
  3155 | D:4      | Reached *** piety under Trog
  3274 | D:4      | Reached XP level 7. HP: 55/57 MP: 6/6
  3282 | D:4      | Found a basalt altar of Yredelemnul.
  3538 | D:5      | Entered Level 5 of the Dungeon
  3542 | D:5      | Reached skill level 5 in Armour
  3632 | D:5      | Reached skill level 5 in Dodging
  3736 | D:5      | Reached skill level 6 in Armour
  3786 | D:5      | Reached XP level 8. HP: 30/64 MP: 2/7
  4152 | D:5      | Reached skill level 7 in Armour
  4259 | D:5      | Reached **** piety under Trog
  4406 | D:5      | Found a staircase to the Ecumenical Temple.
  4569 | D:5      | Reached skill level 8 in Armour
  4637 | D:5      | Noticed Helmut's ghost (novice AvSk)
  4638 | D:5      | Found a transporter.
  4642 | D:5      | Found a transporter.
  5055 | D:3      | Killed a hippogriff
  5058 | D:3      | Reached skill level 9 in Armour
  5244 | D:5      | Reached XP level 9. HP: 70/70 MP: 8/8
  5246 | D:5      | Killed Helmut's ghost
  5488 | D:6      | Noticed a brown ugly thing
  5499 | D:6      | Killed a brown ugly thing
  5500 | D:6      | Reached skill level 10 in Armour
  5770 | D:6      | Found an opulent altar of Gozag.
  5852 | D:6      | Found a snail-covered altar of Cheibriados.
  6160 | D:7      | Reached XP level 10. HP: 60/77 MP: 9/9
  6299 | D:7      | Found a corrupted altar of Lugonu.
  6315 | D:7      | Found a hide-covered altar of Uskayaw.
  6322 | D:7      | Found a burning altar of Makhleb.
  6322 | D:7      | Found a white marble altar of Elyvilon.
  6327 | D:7      | Reached skill level 1 in Shields
  6413 | D:7      | Reached skill level 10 in Axes
  6524 | D:7      | Noticed Duvessa
  6525 | D:7      | Noticed Dowan
  6531 | D:7      | Killed Dowan
  6531 | D:7      | Reached ***** piety under Trog
  6540 | D:7      | Killed Duvessa
  6541 | D:7      | Reached skill level 11 in Armour
  6743 | D:7      | Received a gift from Trog
  7444 | D:8      | Noticed Harold
  7461 | D:8      | Killed Harold
  7462 | D:8      | Reached skill level 5 in Shields
  7468 | D:8      | Noticed Joseph
  7521 | D:8      | Killed Joseph
  8058 | D:8      | Noticed Grum
  8080 | D:8      | Killed Grum
  8092 | D:8      | Reached XP level 11. HP: 26/82 MP: 10/10
  8229 | D:8      | Noticed a two-headed ogre
  8236 | D:8      | Killed a two-headed ogre
  8282 | D:8      | Noticed Maurice
  8283 | D:8      | Found an ancient bone altar of Kikubaaqudgha.
  8308 | D:8      | Killed Maurice
  8581 | D:8      | Reached skill level 12 in Armour
  8796 | D:9      | Found a glowing golden altar of the Shining One.
  8898 | D:9      | Found a staircase to the Lair.
  8927 | D:9      | Found Cajeamos's Assorted Antiques.
  8940 | D:9      | Noticed a cyan ugly thing
  8949 | D:9      | Killed a cyan ugly thing
  9305 | D:9      | Found a sacrificial altar of Ru.
  9526 | D:9      | Reached skill level 10 in Shields
  9780 | D:9      | Found Kithridu's Jewellery Shop.
  9806 | D:9      | Found Piptegg's Weapon Boutique.
  9920 | D:10     | Entered Level 10 of the Dungeon
 10164 | D:10     | Noticed a two-headed ogre
 10176 | D:10     | Killed a two-headed ogre
 10303 | D:10     | Received a gift from Trog
 10404 | D:10     | Noticed a brown ugly thing
 10411 | D:10     | Noticed a two-headed ogre
 10413 | D:10     | Killed a brown ugly thing
 10414 | D:10     | Reached skill level 1 in Polearms
 10422 | D:10     | Killed a two-headed ogre
 10423 | D:10     | Reached skill level 13 in Armour
 10423 | D:10     | Reached XP level 12. HP: 69/90 MP: 11/11
 11143 | D:11     | Found a staircase to the Orcish Mines.
 11272 | Orc      | Entered the Orcish Mines
 11272 | Orc      | Found a roughly hewn altar of Beogh.
 11273 | Orc      | Noticed a two-headed ogre
 11280 | Orc      | Received a gift from Trog
 11281 | Orc      | Reached skill level 5 in Polearms
 11284 | Orc      | Killed a two-headed ogre
 11310 | Orc      | Noticed an orc high priest
 11390 | Orc      | Killed an orc high priest
 11524 | Orc      | Slain by an orc warrior

Skill      XL: |  1  2  3  4  5  6  7  8  9 10 11 12 |
---------------+-------------------------------------+-----
Axes           | 4 5 6 7 9 11 12 | 12.2
Armour         | 3 4 6 9 10 11 13 | 13.7
Dodging        | 3 4 6 8 9 |  9.9
Shields        | 7 11 12 | 12.0
Polearms       | 2 7 |  7.6
Fighting       | |  3.6

Action                   |  1- 3 |  4- 6 |  7- 9 | 10-12 || total
-------------------------+-------+-------+-------+-------++-------
Melee: Hand axe          |   100 |    72 |   217 |       ||   389
       Headbutt          |     9 |    14 |    47 |   126 ||   196
       Unarmed           |       |     6 |       |       ||     6
       War axe           |       |       |    74 |   447 ||   521
       Demon trident     |       |       |       |   252 ||   252
Invok: Berserk           |       |     2 |     7 |    15 ||    24
       Trog's Hand       |       |       |       |     3 ||     3
  Eat: Chunk             |     5 |     8 |    40 |    11 ||    64
       Ration            |       |       |     1 |    12 ||    13
Armor: Animal skin       |     9 |       |       |       ||     9
       Scale mail        |     5 |    20 |       |       ||    25
       Plate armour      |       |    19 |   172 |   379 ||   570
Dodge: Dodged            |    57 |    29 |   135 |   262 ||   483
Block: Medium shield     |       |       |       |   345 ||   345
       Buckler           |       |       |       |    31 ||    31
